 Dungeon Crawl Stone Soup version 0.27.1-4-g1640c2035a (webtiles) character file.

Game seed: 3350629747578045903

119 Stomo444 the Skirmisher (level 5, -3/55 HPs)
             Began as an Ogre Gladiator on Nov 17, 2021.
             Succumbed to a scorpion's poison
             ... on level 3 of the Dungeon.
             The game lasted 00:02:46 (2648 turns).

Stomo444 the Skirmisher (Ogre Gladiator)            Turns: 2648, Time: 00:02:46

Health: -3/55      AC:  3    Str: 19      XL:     5   Next: 3%
Magic:  5/5        EV: 10    Int:  8 (9)  God:
Gold:   91         SH:  0    Dex:  9 (10) Spells: 4/4 levels left

rFire    . . .     SeeInvis .   g - +0 morningstar
rCold    . . .     Faith    .   (no shield)
rNeg     . . .     Spirit   .   b - +0 robe
rPois    .         Reflect  .   c - +0 hat
rElec    .         Harm     .   (no cloak)
rCorr    .         Rampage  .   (gloves unavailable)
Will     .....                  (boots unavailable)
Stlth    +.........             (no amulet)
HPRegen  0.18/turn              (no ring)
MPRegen  0.09/turn              (no ring)

@: lethally poisoned (-3 -> -19), flying
A: large, unfitting armour, tough skin 1
a: no special abilities


You were on level 3 of the Dungeon.
You visited 1 branch of the dungeon, and saw 3 of its levels.

You collected 91 gold pieces.

Inventory:

Hand Weapons
 a - a +0 flail
 g - a +0 morningstar (weapon)
Missiles
 d - 3 throwing nets (quivered)
Armour
 b - a +0 robe (worn)
 c - a +0 hat (worn)
Scrolls
 f - a scroll of vulnerability {unknown}
 j - a scroll of magic mapping {unknown}
Potions
 i - a potion of curing {unknown}


   Skills:
 + Level 4.3 Fighting
 + Level 3.6 Maces & Flails
 - Level 2.0 Throwing
 + Level 3.6 Dodging


You had 4 spell levels left.
You didn't know any spells.
Your spell library was empty.

Dungeon Overview and Level Annotations

Branches:
Dungeon (3/15)

Altars:
Elyvilon
Gozag


Innate Abilities, Weirdness & Mutations

You are too large for most types of armour.
You have tough skin. (AC +1)


Message History

You feel very sick. The scorpion stings you!
You closely miss the scorpion.
The scorpion is heavily wounded.
You feel sick. The scorpion stings you. The scorpion closely misses you.
You barely miss the scorpion.
The scorpion is heavily wounded.
You feel sick. The scorpion stings you. The scorpion stings you!
* * * LOW HITPOINT WARNING * * *
You are more poisoned.
The scorpion poisons you!
Unknown command.
Okay, then.
You hit the scorpion but do no damage.
The scorpion is heavily wounded.
* * * LOW HITPOINT WARNING * * *
You feel very sick.
An orc wizard comes into view. It is wielding a staff of air.
The scorpion barely misses you.
The orc wizard moves out of view.
Unknown command.
It was a potion of flight.
You feel very buoyant.
You fly up into the air.
* * * LOW HITPOINT WARNING * * *
You feel sick.
The scorpion stings you but does no damage.
An orc comes into view. It is wielding a +0 hand axe.
You closely miss the scorpion.
The scorpion is moderately wounded.
* * * LOW HITPOINT WARNING * * *
You feel sick.
The orc wizard shouts!
You hear a shout!
The scorpion stings you.
* * * LOW HITPOINT WARNING * * *
The scorpion stings you.
* * * LOW HITPOINT WARNING * * *
You are more poisoned.
The scorpion poisons you!
It was a potion of magic.
Magic courses through your body.
You die...

.# ###.## .....#
####....### ..
#......... #..
#.##.#..#
###.##.##.#..#
#....s@.o....#
#.#######..#.#
#.#...$.#..#.# #
.###.#$....#..#.#.#
....#.._..'...o..#
#..#...$.#...o.#...
#..#.....#..#....#
#..#######.###.#...#
#..........# .# ...


You could see a scorpion, an orc wizard and 2 orcs.

Vanquished Creatures
  Crazy Yiuf (D:2)
  Terence (D:1)
  An adder (D:2)
  A worm (D:2)
  3 orcs (D:2)
  7 bats
  5 endoplasms
  A giant cockroach (D:2)
  7 goblins
  3 hobgoblins (D:1)
  4 jackals (D:2)
  3 quokkas
  5 ball pythons
  3 frilled lizards
  2 kobolds
  5 rats
52 creatures vanquished.

Notes
Turn   | Place    | Note
-------+----------+-------------------------------------------
     0 | D:1      | Stomo444 the Ogre Gladiator began the quest for the Orb.
     0 | D:1      | Reached XP level 1. HP: 22/22 MP: 1/1
   434 | D:1      | Reached skill level 3 in Fighting
   476 | D:1      | Reached XP level 2. HP: 31/31 MP: 2/2
   736 | D:1      | Found a faded altar of an unknown god.
  1058 | D:2      | Reached XP level 3. HP: 37/37 MP: 3/3
  1062 | D:2      | Noticed Terence
  1081 | D:1      | HP: 1/37 [Terence (9)]
  1084 | D:1      | Killed Terence
  1495 | D:2      | Reached XP level 4. HP: 48/48 MP: 4/4
  1500 | D:2      | Found an opulent altar of Gozag.
  1612 | D:2      | Reached skill level 4 in Fighting
  2136 | D:2      | Found a runed translucent door.
  2137 | D:2      | Noticed Crazy Yiuf
  2322 | D:2      | Killed Crazy Yiuf
  2323 | D:2      | Reached XP level 5. HP: 26/54 MP: 5/5
  2582 | D:3      | Found a white marble altar of Elyvilon.
  2647 | D:3      | HP: 1/55 [scorpion (3)]
  2648 | D:3      | Succumbed to a scorpion's poison

Illustrated notes

Levels and vault maps discovered:
D:1:      roderic_chinese_lattice_arrival, layout_loops_ring,
          chequers_ecumenical_altar_simple
D:2:      layout_basic, basic_altar, uniq_crazy_yiuf_cottage, uniq_terence
D:3:      cheibrodos_helix_gallery, layout_loops_ring, amcnicky_altar_gilded,
          kennysheep_flooded_box, minmay_fractal_squares_gapless_5

Skill      XL: |  1  2  3  4 |
---------------+-------------+-----
Fighting       | 3 4 |  4.3
Dodging        | 3 |  3.6
Maces & Flails | 3 |  3.6
Throwing       | |  2.0

Action                   |  1- 3 |  4- 6 || total
-------------------------+-------+-------++-------
Melee: Flail             |    83 |       ||    83
       Morningstar       |       |    67 ||    67
  Use: Potion            |     2 |     2 ||     4
Armor: Robe              |    33 |    37 ||    70
Dodge: Dodged            |    63 |    59 ||   122
